 Dungeon Crawl Stone Soup version 0.19.0-23-gf02e663 (webtiles) character file.

385 Inchmeat the Destroyer (level 6, -6/32 HPs)
             Began as a Deep Elf Conjurer on Nov 19, 2016.
             Mangled by a yak (16 damage)
             ... on level 4 of the Dungeon.
             The game lasted 00:09:03 (3430 turns).

Inchmeat the Destroyer (Deep Elf Conjurer)          Turns: 3430, Time: 00:09:04

Health: -6/32      AC:  3    Str:  5    XL:     6   Next: 48%
Magic:  12/12      EV: 13    Int: 22    God:
Gold:   182        SH:  0    Dex: 15    Spells: 3 memorised, 3 levels left

rFire  x . .     SeeInvis +     v - +2 dagger (drain)
rCold  + . .     Gourm    .     a - +0 robe
rNeg   . . .     Faith    .     (no shield)
rPois  .         Spirit   .     (no helmet)
rElec  .         Reflect  .     (no cloak)
rCorr  .         Harm     .     i - +0 pair of gloves
MR     .....                    (no boots)
Stlth  ++........               j - amulet of magic regeneration
                                s - ring of ice
                                n - ring of see invisible

@: flying
A: no striking features
a: no special abilities


You were on level 4 of the Dungeon.
You were not hungry.

You visited 1 branch of the dungeon, and saw 5 of its levels.

You collected 182 gold pieces.

Inventory:

Hand Weapons
 q - a +0 dagger
 v - a +2 dagger of draining (weapon)
Armour
 a - a +0 robe (worn)
 i - a +0 pair of gloves (worn)
Jewellery
 j - an amulet of magic regeneration (around neck)
 n - a ring of see invisible (left hand)
 s - a ring of ice (right hand)
Wands
 z - a wand of acid (6/15)
Scrolls
 e - 2 scrolls of magic mapping {unknown}
 g - 2 scrolls of noise {unknown}
 k - a scroll of immolation {unknown}
 m - a scroll of teleportation {unknown}
 r - 5 scrolls of identify {unknown}
 t - a scroll of fear
 x - 2 scrolls of recharging {unknown}
 y - 2 scrolls of amnesia
Potions
 d - 2 potions of flight
 h - a potion of magic
 l - 3 potions of curing
 o - a potion of lignification {unknown}
 p - a potion of brilliance {unknown}
 u - 2 potions of heal wounds {unknown}
 w - 3 potions of cancellation {unknown}
 A - a potion of mutation {unknown}
Books
 b - a book of Conjurations

   Spells                             Type                      Level
   a - Magic Dart                     Conjuration                  1
   b - Searing Ray                    Conjuration                  2
   c - Dazzling Spray                 Conjuration/Hexes            3
   d - Fulminant Prism                Conjuration/Hexes            4
   e - Iskenderun's Mystic Blast      Conjuration                  4
   f - Iskenderun's Battlesphere      Conjuration/Charms           5
Comestibles
 c - 5 bread rations
 f - 3 beef jerkies
 B - 2 chunks of flesh


   Skills:
 - Level 2.6 Dodging
 - Level 2.4 Stealth
 - Level 3.0 Spellcasting
 * Level 8.4 Conjurations
 * Level 1.9 Charms


You had 3 spell levels left.
You knew the following spells:

 Your Spells              Type           Power        Failure   Level  Hunger
a - Magic Dart            Conj           ####         1%          1    None
b - Searing Ray           Conj           #####.       1%          2    ##.....
c - Iskenderun's Battles  Conj/Chrm      ####....     50%         5    ######.


Dungeon Overview and Level Annotations

Branches:
Dungeon (5/15)
 Temple: D:4-7

Altars:

Shops:
D:4 %


Message History

The searing ray hits the yak.
The yak is moderately wounded.
The yak barely misses you. The yak gores you!
The hound zombie barely misses you.
You climb upwards.
There is a stone staircase leading down here.
The yak gores you. The yak gores you!
You see here a hand axe.
Things that are here:
a ring mail; a flail It was a potion of flight.
You feel very buoyant.
You fly up into the air.
The yak gores you!
* * * LOW HITPOINT WARNING * * *
It was a potion of magic.
Magic courses through your body. The yak completely misses you.
It was a potion of curing.
You feel better. The yak gores you!
Ouch! That really hurt!
You die...

### ##.##'## #............ ..#
#..#.# #.##..)...... ..#
######.#.# #.##....#.### ..#
#........# #.#.......# ..#
#........# #.#####.#.### ..#
#........# #.####..#)#.# ###
#........# #.........#..
#........############.####.#
####.......>.Y@...............#
#..........#############.####.#
###.......)### #...........#.#
...........# #<.#####.##.#.#
...........# #..# #.##.###
......###### #..# #.##.#..
......# #..# #.##.#.# ......#
#..#####.##.#.# ......#
#######......#.##.#.#


You could see a yak.

Vanquished Creatures
  Edmund (D:4)
  A bullfrog skeleton (D:4)
  A worker ant (D:4)
  An orc wizard (D:3)
  A hound skeleton (D:4)
  3 gnolls (D:2)
  5 adders
  An adder skeleton (D:4)
  3 worms
  4 dart slugs
  2 leopard geckos
  11 orcs
  4 giant cockroaches
  8 goblins
  4 hobgoblins
  9 jackals
  4 quokkas
  4 bats
  6 frilled lizards
  A jackal skeleton (D:4)
  4 kobolds
  A quokka skeleton (D:4)
  5 rats
84 creatures vanquished.

Notes
Turn   | Place    | Note
-------+----------+-------------------------------------------
     0 | D:1      | Inchmeat the Deep Elf Conjurer began the quest for the Orb.
     0 | D:1      | Reached XP level 1. HP: 10/10 MP: 6/6
   406 | D:1      | Reached XP level 2. HP: 15/15 MP: 6/8
   412 | D:1      | Reached skill level 5 in Conjurations
   649 | D:2      | Reached XP level 3. HP: 19/19 MP: 4/9
   742 | D:2      | Learned a level 2 spell: Searing Ray
   746 | D:2      | Found a faded altar of an unknown god.
   904 | D:2      | Reached skill level 6 in Conjurations
   945 | D:2      | Reached XP level 4. HP: 24/24 MP: 6/10
  1648 | D:3      | Reached skill level 7 in Conjurations
  1648 | D:3      | Reached XP level 5. HP: 15/28 MP: 9/11
  2644 | D:4      | Learned a level 5 spell: Iskenderun's Battlesphere
  2668 | D:4      | Found Zusenoy's Food Shop.
  2719 | D:4      | Noticed Edmund
  2730 | D:4      | Killed Edmund
  2730 | D:4      | Reached skill level 8 in Conjurations
  2730 | D:4      | Reached skill level 1 in Charms
  2730 | D:4      | Reached XP level 6. HP: 17/32 MP: 2/12
  3404 | D:5      | Entered Level 5 of the Dungeon
  3410 | D:5      | Noticed a yak
  3411 | D:5      | Noticed a yak
  3411 | D:5      | Noticed a yak
  3414 | D:5      | Noticed a yak
  3430 | D:4      | Mangled by a yak

Skill      XL: |  1  2  3  4  5 |
---------------+----------------+-----
Conjurations   | 5 6 7 8 |  8.4
Charms         | 1 |  1.9
Dodging        | |  2.6
Stealth        | |  2.4
Spellcasting   | |  3.0

Action                   |  1- 3 |  4- 6 || total
-------------------------+-------+-------++-------
Melee: Dagger            |     3 |    40 ||    43
 Cast: Magic Dart        |    69 |    63 ||   132
       Searing Ray       |       |    13 ||    13
  Use: Scroll            |     4 |       ||     4
       Potion            |       |     3 ||     3
 Stab: Sleeping          |       |     2 ||     2
  Eat: Chunk             |       |     8 ||     8
Armor: Robe              |     2 |    12 ||    14
Dodge: Dodged            |    11 |    42 ||    53
